[Event "20th Delhi GM Open 2023"]
[Site "New Delhi"]
[Date "2023.03.27"]
[Round "7.2"]
[White "Murzin, Volodar"]
[Black "Viani Antonio Dcunha"]
[Result "1-0"]
[ECO "B76"]
[WhiteElo "2554"]
[BlackElo "2386"]
[Annotator "TA"]
[PlyCount "131"]
[EventDate "2023.03.23"]
[EventType "swiss"]
[EventCountry "IND"]
[SourceTitle "playchess.com"]
[Source "ChessBase"]
[SourceQuality "1"]
[TimeControl "5400+30"]

1. e4 c5 2. Nf3 d6 3. d4 cxd4 4. Nxd4 Nf6 5. Nc3 g6 6. f3 Bg7 7. Be3 Nc6 8. Qd2 O-O 9. O-O-O d5 10. exd5 Nxd5 11. Nxc6 bxc6 12. Bd4 Bxd4 13. Qxd4 Qb6 14. Na4 Qa5 {[%emt 0:00:52][%cal Oe7e5] Hoping for ...e5! B76: Sicilian Dragon: Yugoslav Attack, 9 g4 and 9 0-0-0.} 15. b3 Qc7 16. Re1 {[%emt 0:24:29] [#]} Qd6 $146 {[%emt 0:01:29] White has an edge.} ({Predecessor:} 16... Nb6 17. Nc3 a5 18. Qe5 Qxe5 19. Rxe5 Be6 20. a4 Rfc8 21. Ne2 Kf8 22. Nf4 Bd7 {½-½ Leko,P (2762)-Radjabov,T (2757) Nanjing Pearl Spring 2nd 2009 (2)}) 17. Kb2 (17. Qe5 $14) 17... Rd8 (17... Nb6 $5 18. Qxd6 Nxa4+ 19. Ka3 exd6 20. Kxa4 Be6 $11) 18. Qe5 Nb6 {[%emt 0:07:01] ...Nxa4+ would be deadly.} 19. Nc3 (19. Qxe7 $2 {too greedy.} Nxa4+ 20. bxa4 Qd4+ 21. Kb1 Bf5 $19) 19... Be6 20. Qxd6 (20. h4 {looks sharper.} a5 21. h5 Qxe5 22. Rxe5 a4 23. Re4) 20... exd6 21. Ba6 Rab8 {[%emt 0:04:04] Wards off Bb7} 22. Ne4 Kg7 23. Rd1 d5 24. Nc5 Nd7 25. Na4 h5 26. Ka3 Kf6 27. Rhe1 g5 28. Re3 c5 29. Rc3 {[%emt 0:01:07] [#]} c4 30. bxc4 dxc4 31. Re3 Ne5 32. Rxd8 Rxd8 33. Nc3 Bf5 34. Re2 Nc6 35. Kb2 Rb8+ 36. Kc1 Nd4 37. Nd5+ Kg7 38. Rd2 Nb5 39. Bxb5 Rxb5 $11 {[%emt 0:00:01][%mdl 4096] Endgame KRB-KRN} 40. Rd4 Rc5 41. Kd2 Be6 42. Nc3 f5 (42... h4 $11 {should be considered.}) 43. Rd6 $14 Kf6 {[%emt 0:00:52] White leaves nothing to chance now.} (43... Bf7 $14) 44. Ra6 $16 Ke5 45. Rxa7 {[%emt 0:00:28] White is more active.} g4 46. Ne2 Bd5 47. Ke3 h4 $2 (47... Rc8 {is tougher.} 48. Ra6 Bb7 49. Ra5+ Kf6) 48. f4+ $18 Kd6 49. Ra6+ Rc6 {[%emt 0:01:03] [#]} 50. Rxc6+ Bxc6 {[%emt 0:00:03] KB-KN} 51. g3 Be4 (51... hxg3 $142 52. Nxg3 Bd7) 52. gxh4 Bxc2 53. h5 {[%emt 0:00:28] Threatening mate with h6.} Ke7 54. Kd4 Ba4 55. Ng3 Bd7 56. h6 {[%emt 0:00:48] White mates.} Kf7 57. Nh5 Kg6 58. h7 {[%emt 0:00:05][%mdl 64] Decoy} Kxh7 59. Nf6+ ({Worse is} 59. Kxc4 Kg6 60. Ng3 Be6+ 61. Kd4 Bxa2 $11) 59... Kg6 60. Nxd7 {[%emt 0:00:05] KN-K3P} Kh5 61. a4 Kh4 62. a5 Kh3 63. a6 Kxh2 64. a7 g3 65. Ne5 g2 66. Nf3+ {[%emt 0:00:04] Weighted Error Value: White=0.03 (flawless) /Black=0.25 (precise)} (66. a8=B $2 {is the wrong capture.} g1=Q+ 67. Kxc4 Qc1+ 68. Kd5 Qh1+ {[%mdl 64] Skewer} 69. Ke6 Qxa8 $19) 1-0

[Event "20th Delhi GM Open 2023"]
[Site "New Delhi"]
[Date "2023.03.27"]
[Round "7.3"]
[White "Pantsulaia, Levan"]
[Black "Deepan Chakkravarthy J."]
[Result "1/2-1/2"]
[ECO "A26"]
[WhiteElo "2597"]
[BlackElo "2432"]
[Annotator "TA"]
[PlyCount "46"]
[EventDate "2023.03.23"]
[EventType "swiss"]
[EventCountry "IND"]
[SourceTitle "playchess.com"]
[Source "ChessBase"]
[SourceQuality "1"]
[TimeControl "5400+30"]

1. c4 g6 2. g3 Bg7 3. Bg2 e5 4. Nc3 Ne7 5. d3 O-O 6. h4 h6 7. e4 d6 8. Be3 Nbc6 9. Qd2 {[%emt 0:06:12] A26: English Opening vs King's Indian with ...Nc6 and d3.} Kh7 ({Black should play} 9... h5 $1 $11) 10. h5 {[%emt 0:01:03] White is more active.} g5 11. f4 {[%emt 0:00:47] White is slightly better.} gxf4 12. gxf4 exf4 13. Bxf4 a6 {[%emt 0:00:25] [#]} 14. Nge2 $146 (14. Nf3 {is interesting.} b5 15. O-O-O Bg4 16. Rdg1) ({Predecessor:} 14. Bh3 Nd4 15. O-O-O b5 16. Nge2 b4 17. Nd5 Nxd5 18. cxd5 Nxe2+ 19. Qxe2 a5 20. d4 {1-0 Slavin,A (2397)-Dale,A (2122) London Classic op 4th 2012 (8)}) 14... Rg8 15. Bh3 Bxh3 16. Rxh3 Qd7 {[%emt 0:02:45] The position is equal.} 17. Rg3 Bxc3 18. Qxc3 Rxg3 19. Nxg3 Qg4 20. Qf6 Qe6 $1 21. Qc3 Qg4 22. Qf6 Qe6 $1 23. Qc3 Qg4 {[%emt 0:00:07] Weighted Error Value: White=0.11 (very precise) /Black=0.06 (flawless)} 1/2-1/2

[Event "20th Delhi GM Open 2023"]
[Site "New Delhi"]
[Date "2023.03.27"]
[Round "7.4"]
[White "Kobalia, Mikhail"]
[Black "Dzhumaev, Marat"]
[Result "0-1"]
[ECO "C77"]
[WhiteElo "2577"]
[BlackElo "2428"]
[Annotator "TA"]
[PlyCount "124"]
[EventDate "2023.03.23"]
[EventType "swiss"]
[EventCountry "IND"]
[SourceTitle "playchess.com"]
[Source "ChessBase"]
[SourceQuality "1"]
[TimeControl "5400+30"]

1. e4 e5 2. Nf3 Nc6 3. Bb5 a6 4. Ba4 Nf6 5. O-O Be7 6. d3 b5 7. Bb3 d6 8. a3 O-O 9. Nc3 Na5 {[%emt 0:00:14][%cal Bc6a5,Ba5b7,Bb7d8,Bd8e6][%mdl 32] C77: Ruy Lopez: 3...a6 4 Ba4 Nf6, unusual lines.} 10. Ba2 Be6 11. Bg5 Bxa2 {[%emt 0:02:29] The position is equal.} 12. Rxa2 c6 {[%emt 0:26:54] [#]} 13. b4 $146 ({Predecessor:} 13. Ne2 h6 14. Bd2 c5 15. Ng3 Re8 16. Nf5 Bf8 17. Bxa5 Qxa5 18. Ne3 Qd8 19. Nd2 {0-1 Stojanovski,D (2454)-Dragnev,V (2466) EU-chT (Men) 21st 2017 (7.3)}) 13... Nb7 14. a4 h6 (14... a5 $5 15. axb5 axb4 16. Rxa8 (16. bxc6 bxc3 17. Rxa8 Qxa8 $11) 16... Qxa8 17. bxc6 bxc3 18. cxb7 Qxb7 $11) 15. Bxf6 Bxf6 16. Qb1 Qd7 17. Qb3 Rab8 18. Nd1 Nd8 19. Ne3 Ne6 20. axb5 axb5 21. Rfa1 g6 22. Ra7 Qc8 23. c4 Bd8 24. c5 {[%emt 0:12:20][%mdl 64] Deflection} dxc5 25. Nxe5 Bf6 26. N3g4 {[%emt 0:00:36][%csl LRf6,LRh6] Excellent horsemanship.} Bg7 27. R1a6 $2 (27. Nd7 $1 $11 Bxa1 28. Rxa1) 27... Rb7 $1 $19 28. Nf3 (28. Nxc6 $2 {too greedy.} Rxa7 29. Rxa7 Qxc6 $19) 28... cxb4 29. d4 {[%emt 0:03:05] Prevents Nc5.} (29. Qxb4 $142 Nc7 {[%mdl 64] Discovered Attack} 30. Ra5 Rxa7 31. Rxa7 Qxg4 32. Rxc7) 29... Nc7 (29... Bxd4 $2 {loses.} 30. Nxd4 Nxd4 31. Nf6+ Kg7 32. Qxb4 $19) 30. Nge5 $2 (30. Rxb7 Nxa6 31. Ra7 Qxg4 32. Rxa6) 30... Nxa6 31. Rxa6 Rc7 32. Ra2 Qe6 33. Qb1 Rd8 34. Rd2 Bxe5 {[%emt 0:00:47][%mdl 64] Deflection} 35. Nxe5 Qxe5 36. dxe5 Rxd2 {[%emt 0:00:06][%mdl 4096] Endgame KQ-KRR} 37. h4 c5 38. e6 fxe6 {[%emt 0:00:15] ...c4 would be deadly.} 39. Qc1 Rdd7 (39... Rd6 $142 40. Qxh6 Rg7) 40. Qxh6 Rg7 41. h5 b3 {[%emt 0:00:31] ...b2 is the strong threat.} 42. Qd2 gxh5 $2 ({Black should play} 42... g5 $1 $19 43. Qd6 Rge7) 43. Qd8+ $1 $15 Kh7 44. Qe8 (44. Qh4 $1 $15) 44... Rgf7 (44... Rg6 $17 45. Qxb5 Rcg7 46. Qxb3 Rxg2+ 47. Kf1 R2g6) 45. Qxb5 (45. Qxe6 $11 b2 46. Qb3) 45... Rb7 46. Qxc5 Rf6 47. Qc6 Rff7 48. Qc5 $1 Kg6 49. f4 {[%emt 0:01:00] [#]} Rxf4 $2 (49... b2 $1 {mates} 50. Qg5+ Kh7 51. Kh2 b1=Q 52. f5 Qxe4 53. Qg6+ Kh8 54. Qh6+ Kg8 55. Qg6+ Kf8 56. Qh6+ Rg7 57. Qh8+ Rg8 58. Qh6+ Ke8 59. Qxh5+ Ke7 60. f6+ {[%mdl 64] Decoy} Kxf6 61. Qh6+ Ke7 62. Qh3 Qf4+ 63. g3 Qf2+ 64. Kh1 Rb1+ 65. Qf1 Rxf1#) 50. Qc8 $11 Rff7 {[%emt 0:00:53] Hoping for ...b2.} 51. Qxe6+ Kh7 52. Qd5 Kg6 53. Qe6+ $1 Kg5 {[%emt 0:00:28] ( -> ...b2)} 54. Qe5+ Kg4 {[%emt 0:00:26] And now ...b2 would win.} 55. Kh2 h4 {[%emt 0:00:06] Repels Qg3+. aiming for ...b2. Chess con chili.} 56. Qb2 Kf4 57. e5 Kf5 {[%emt 0:00:27] Active counter play!} 58. Kh3 Rg7 59. Kh2 Ke6 60. Kh3 Rg3+ 61. Kxh4 $2 {[%emt 0:01:04][%mdl 8192] [#]} (61. Kh2 $11) 61... Rxg2 $3 62. Qb1 {[%emt 0:01:30] [#]} (62. Qxg2 Rh7+) 62... Rh7+ $3 {[%emt 0:00:08][%mdl 512] A superb game by Dzhumaev.   Weighted Error Value: White=0.48/Black=0.49} 0-1

[Event "20th Delhi GM Open 2023"]
[Site "New Delhi"]
[Date "2023.03.27"]
[Round "7.5"]
[White "Anuj Shrivatri"]
[Black "Mchedlishvili, Mikheil"]
[Result "1/2-1/2"]
[ECO "E94"]
[WhiteElo "2407"]
[BlackElo "2569"]
[Annotator "TA"]
[PlyCount "96"]
[EventDate "2023.03.23"]
[EventType "swiss"]
[EventCountry "IND"]
[SourceTitle "playchess.com"]
[Source "ChessBase"]
[SourceQuality "1"]
[TimeControl "5400+30"]

1. c4 Nf6 2. Nf3 g6 3. Nc3 Bg7 4. e4 d6 5. d4 O-O 6. Be2 Nbd7 7. O-O e5 8. Be3 Qe7 9. Qc2 c6 10. d5 c5 {[%emt 0:03:41] E94: King's Indian: Classical: 6 Be2 e5 7 0-0: Various Black 7th moves.} 11. Kh1 {[%emt 0:12:18] [#]} Ne8 $146 ({Predecessor:} 11... h6 12. h3 Kh8 13. g4 Nh7 14. Rg1 Ndf6 15. Qd2 Ng8 16. Rg3 f5 17. gxf5 gxf5 18. exf5 Bxf5 {1-0 Sadhwani,R (2627)-Leitao,R (2592) Titled Tuesday intern op 17th Jan Late blitz 2023 (3)}) 12. g4 {[%emt 0:04:30] White has more active pieces. The black rooks are badly placed.} Ndf6 {[%emt 0:01:52] White is better.} 13. h3 h5 14. Nh2 (14. g5 $5 Nh7 15. Kg2 $11 (15. h4 Qd7 $11)) 14... hxg4 15. hxg4 ({Inferior is} 15. Nxg4 Bxg4 16. hxg4 Nxg4 17. Bxg4 Qh4+ 18. Kg2 Qxg4+ 19. Kh2 f5 $17) 15... Nh7 $1 16. Qd2 Bf6 17. Rg1 Bg5 18. Nf3 Bxe3 19. Qxe3 Kg7 {[%emt 0:04:29] Prevents Qh6+.} 20. Rg3 Rh8 21. Kg2 ({Much worse is} 21. Rh3 Bxg4 22. Qh6+ (22. Rh2 Bxf3+ 23. Bxf3 Qg5 $15) 22... Kg8 $15) 21... Nef6 22. Nh4 $36 {[%emt 0:07:00][%mdl 2048] White is more active.} Ng8 {[%emt 0:05:56] [#]} (22... Nf8 $14 23. Nf5+ gxf5 24. gxf5+ Ng6) 23. Rh1 $1 $16 Ng5 {[%emt 0:04:35] [#]} 24. Nb5 $1 Rxh4 $2 25. Rxh4 $18 f6 26. f4 exf4 27. Qxf4 Qe5 28. Qxe5 dxe5 29. Nc3 Bd7 30. Rh1 Nh6 31. Rb1 {[%emt 0:00:30] b4 is the strong threat.} b6 32. b4 (32. Rh1 $18) 32... Rc8 (32... cxb4 $16 {keeps fighting.} 33. Rxb4 Rc8) 33. a4 (33. b5 $18) 33... cxb4 $16 34. Rxb4 {[%emt 0:00:06][%cal Oa4a5] And now a5! would win.} Rc5 35. Kf2 Nhf7 36. Ke3 Nd6 37. Bd3 Nb7 (37... Ra5 $16 38. Nb5 Nb7) 38. Nb5 $18 a5 39. Rb2 Bxb5 40. Rxb5 Rxb5 41. cxb5 {[%emt 0:00:37][%mdl 4096] Endgame KRB-KNN} Nf7 42. Rg2 Nc5 43. Rc2 {[%emt 0:00:27][%cal Oc2c5] Hoping for Rxc5!} Nd6 44. Ke2 {[%emt 0:00:36][%cal Oc2c5] Threatens to win with Rxc5!} Kf8 45. Rc1 g5 46. Rf1 Kg7 47. Rc1 {[%emt 0:01:03][%cal Oc1c5] Black must now prevent Rxc5!} Kf8 48. Rf1 Kg7 $1 {[%emt 0:00:06] Weighted Error Value: White=0.22 (precise) /Black=0.20 (precise)} 1/2-1/2

[Event "20th Delhi GM Open 2023"]
[Site "New Delhi"]
[Date "2023.03.27"]
[Round "7.6"]
[White "Teterev, Vitaly"]
[Black "Krasenkow, Michal"]
[Result "0-1"]
[ECO "D79"]
[WhiteElo "2377"]
[BlackElo "2527"]
[Annotator "TA"]
[PlyCount "76"]
[EventDate "2023.03.23"]
[EventType "swiss"]
[EventCountry "IND"]
[SourceTitle "playchess.com"]
[Source "ChessBase"]
[SourceQuality "1"]
[TimeControl "5400+30"]

1. Nf3 d5 2. g3 g6 3. Bg2 Bg7 4. d4 Nf6 5. c4 c6 6. cxd5 cxd5 7. Nc3 O-O 8. Ne5 e6 9. O-O Nfd7 10. Nf3 Nc6 11. Bf4 Qb6 12. Na4 {[%emt 0:03:16] D79: Fianchetto Grünfeld: Symmetrical Variation (6 0-0 c6 7 cxd5 cxd5).} Qa5 13. a3 Nb6 14. Nc3 {[%emt 0:14:18] Black should prevent b4. The position is equal.} Nc4 15. b4 {[%emt 0:02:22] [#]} Qd8 $146 ({Predecessor:} 15... Qb6 16. e3 a5 17. b5 Ne7 18. Nd2 Nxd2 19. Qxd2 h6 20. h4 Bd7 21. Rab1 Rfc8 {1-0 Kempinski,R (2593)-Piorun,K (2526) POL-chT Wroclaw 2011 (1.5)}) 16. b5 Ne7 17. e4 dxe4 18. Nxe4 Nd5 19. Bg5 f6 20. Bc1 b6 21. Qd3 Nd6 22. a4 Nxe4 23. Qxe4 a6 {[%emt 0:06:29] Black wants to play ...axb5.} 24. Ba3 Rf7 25. Nd2 axb5 26. axb5 {[%emt 0:00:14][%cal Oa3e7] [#] Threatens to win with Be7!} Rfa7 {[%emt 0:00:10] Prevents Be7.} 27. Nc4 Bf8 28. Qd3 Bb7 29. Qb3 Ra4 $2 (29... Nf4 $15 {stays ahead.} 30. gxf4 Bxg2 {[%mdl 64] Remove Defender} 31. Kxg2 Qd5+ 32. Qf3 Qxc4) 30. Bh3 $2 {[%emt 0:04:18][%mdl 8192] Loses the game.} (30. Be7 $1 $16 Bxe7 31. Rxa4 Rxa4 32. Qxa4) 30... Nf4 $19 {[%emt 0:03:33][%mdl 64] [#] Discovered Attack} 31. gxf4 (31. Bxe6+ Nxe6 32. Nxb6 {[%mdl 64] Remove Defender} Qxb6 33. Bc5) 31... Qd5 ({Not} 31... Qxd4 32. Bxe6+ Kh8 33. Bb2 Qxf4 34. Rxa4 $18) 32. f3 {[%emt 0:00:32][%cal Ob3e3] Black must now prevent Qe3!} Rxa3 ({Weaker is} 32... Rxc4 33. Qe3 f5 34. Bxf8 Kxf8 35. Rxa8+ Bxa8 36. Re1 $17) 33. Rxa3 Rxa3 {[%emt 0:00:03][%mdl 64] Pin} (33... Bxa3 $2 34. Qe3 f5 35. Nxa3 $18) 34. Qc2 Qxd4+ (34... Rxf3 $2 {is the wrong capture.} 35. Rxf3 Qxf3 36. Bg2 $19) 35. Kg2 {[%emt 0:00:41] White is weak on the dark squares} Rc3 36. Bxe6+ Kg7 37. Qe2 Qxf4 38. Nxb6 Bd6 {[%emt 0:00:27] Weighted Error Value: White=0.92/Black=0.14 (very precise)} 0-1

[Event "20th Delhi GM Open 2023"]
[Site "New Delhi"]
[Date "2023.03.27"]
[Round "7.7"]
[White "Paichadze, Luka"]
[Black "Zhakshylykov, Erzhan"]
[Result "1-0"]
[ECO "C02"]
[WhiteElo "2515"]
[BlackElo "2274"]
[Annotator "TA"]
[PlyCount "61"]
[EventDate "2023.03.23"]
[EventType "swiss"]
[EventCountry "IND"]
[SourceTitle "playchess.com"]
[Source "ChessBase"]
[SourceQuality "1"]
[TimeControl "5400+30"]

1. e4 e6 2. d4 d5 3. e5 c5 4. c3 Nc6 5. Nf3 Qb6 6. Bd3 cxd4 7. O-O $1 {[%emt 0:00:39][%mdl 4] is more profitable than 7.cxd4 at the moment. C02: French: Advance Variation.} Bd7 8. Re1 Nge7 9. Nbd2 {[%emt 0:01:27] The position is equal.} Rc8 10. Nb3 dxc3 11. bxc3 Ng6 (11... Na5 $5 ) 12. h4 Be7 13. h5 Nh4 {[%emt 0:15:54] [#]} 14. Rb1 $146 ({Predecessor:} 14. Nxh4 Bxh4 15. Be3 Qd8 16. Bc5 Be7 17. Qg4 O-O 18. Bd4 Nxd4 19. cxd4 h6 20. Re3 {1-0 Shevchenko,K (2652)-Niemann,H (2637) Junior Speed Qual blitz 2022 (2.22)}) 14... Nxf3+ $1 15. Qxf3 Qc7 16. Qg3 g6 17. Nd4 Nxd4 (17... gxh5 $2 18. Nb5 Qb8 19. Nd6+ Bxd6 20. exd6 $18) 18. cxd4 Qc3 {[%emt 0:02:19] Inhibits Bd2.} (18... gxh5 $2 19. Qg7 Rf8 20. Bh6 $18) (18... Qa5 $5 19. Bg5 Bxg5 20. Qxg5 Rf8 $11) 19. Bh6 Bc6 (19... b6 $5 ) 20. Qe3 {[%emt 0:03:50][%mdl 1024] White has compensation.} Rg8 21. Rec1 Qa3 (21... Qa5 $1 $14) 22. Qd2 $1 $18 Kd7 23. Rb3 Qa4 24. Qb2 $36 {[%emt 0:00:10][%mdl 2048] White is really pushing.} Rc7 25. hxg6 hxg6 26. Bd2 {[%emt 0:00:20] Bb4 would be deadly.} a6 27. Bc2 Rgc8 {[%emt 0:01:30] [#]} 28. Bd1 ({White should play} 28. Rf3 $1 $18 Qb5 29. Qa1) 28... Ke8 $2 {[%emt 0:04:53][%mdl 8192] [#]} (28... Bb5 $16) 29. Qa1 $1 {[%emt 0:03:04] White is clearly winning.} Bb5 (29... Ba3 $142) 30. Rbc3 Rxc3 31. Rxc3 {[%emt 0:01:29] Weighted Error Value: White=0.09 (flawless) /Black=0.35} ({Worse is} 31. Bxa4 Rxc1+ 32. Bxc1 Bxa4 $11) 1-0

[Event "20th Delhi GM Open 2023"]
[Site "New Delhi"]
[Date "2023.03.27"]
[Round "7.8"]
[White "Suyarov, Mukhammadzokhid"]
[Black "Mirzoev, Azer"]
[Result "1/2-1/2"]
[ECO "D00"]
[WhiteElo "2281"]
[BlackElo "2437"]
[Annotator "TA"]
[PlyCount "180"]
[EventDate "2023.03.23"]
[EventType "swiss"]
[EventCountry "IND"]
[SourceTitle "playchess.com"]
[Source "ChessBase"]
[SourceQuality "1"]
[TimeControl "5400+30"]

1. d4 d5 2. Nc3 Nf6 3. Bf4 c6 4. e3 Qb6 5. a3 Bf5 6. Bd3 {[%emt 0:00:07] [#] D00: 1 d4 d5: Unusual lines.} Bg6 $146 ({Predecessor:} 6... Bxd3 7. cxd3 Nbd7 8. b4 g6 9. Na4 Qd8 10. Nc5 Nxc5 11. bxc5 Nh5 12. Be5 f6 {1-0 Horvath,D (2424)-Diaz Villagran,R (2325) Titled Tuesday intern op 2nd July blitz 2019 (5)}) 7. Nf3 Nbd7 8. O-O e6 9. b4 Bxd3 10. cxd3 Be7 11. e4 O-O 12. e5 Ne8 13. Na4 Qa6 14. Nc5 Nxc5 15. dxc5 Nc7 16. d4 b6 17. Bd2 bxc5 18. bxc5 Rfb8 19. a4 Rb2 20. Bc3 Rb7 21. Qc2 Rab8 22. Nd2 Qe2 23. Rae1 Qh5 24. Re3 Qf5 25. Qd1 h5 26. Rf3 Qg6 27. Rh3 h4 (27... Bg5 $15) 28. Qe2 (28. f4 $14) 28... Qc2 $11 29. Qd1 {[%emt 0:01:43] Wards off Rb1} Qxd1 30. Rxd1 g5 31. Re3 Ne8 32. h3 Ng7 33. Ree1 f6 34. exf6 Bxf6 35. Kf1 Kf7 36. Ke2 Kg6 37. Rb1 (37. Kf1 $11) 37... Kf5 (37... e5 $15 38. Rxb7 (38. dxe5 Be7 $17) 38... Rxb7 39. dxe5 Be7) 38. Rxb7 Rxb7 39. g4+ Kg6 40. Kd3 Bd8 41. Nf3 Bc7 42. Bd2 (42. Re3 $1 $14) 42... Rb3+ 43. Ke2 e5 $1 44. Nxg5 (44. Bxg5 $2 e4 45. Nd2 Rxh3 $19) 44... e4 45. f4 $36 {[%emt 0:02:05][%cal Bf2f4,Bf4f5][%mdl 2080] White has the initiative.} Rb2 46. f5+ Kf6 47. Nh7+ Kf7 48. Kd1 Bd8 49. Ng5+ (49. Re2 $14) 49... Kf6 (49... Kg8 $1 $11 {keeps the balance.}) 50. Nh7+ (50. Re2 $16) 50... Kf7 $14 51. Ng5+ Kf6 52. Bf4 Rb4 (52... Rb1+ $16 53. Ke2 Rb3) 53. Nh7+ (53. Kc2 $1 $18 {and the rest is easy.}) 53... Kf7 $16 54. Ke2 a5 55. Ng5+ (55. Bg5 $16 Rb2+ 56. Ke3 Rb3+ 57. Kd2) 55... Kf6 $2 (55... Kg8 $1 $11 {and Black has nothing to worry.}) 56. Nh7+ ({Better is} 56. Rf1 $18) 56... Kf7 57. Ng5+ (57. Rh1 $16) 57... Kf6 $18 58. Nh7+ (58. Rf1 $18) 58... Kf7 $16 59. Be5 Kg8 (59... Rxa4 $14 60. Rc1 Ra2+ 61. Ke1 Rb2) 60. Nf6+ $18 Kf7 61. Nd7 Bg5 62. Nb8 Rb3 63. Nxc6 Rxh3 64. Rb1 {[%emt 0:00:28] And now Rb7+ would win. White is more active.} Re3+ (64... Ne8 $142 65. Rb7+ (65. Nxa5 Re3+ 66. Kd1 Rd3+ 67. Kc2 Rd2+ 68. Kc3 h3 $18) 65... Kf8) 65. Kf2 Rf3+ (65... Rc3 {was called for.} 66. Rb7+ {[%mdl 64] Deflection} Ke8) 66. Kg1 {[%emt 0:00:23] Threatens to win with Rb7+.} Ne8 67. Bd6 (67. Nxa5 Nf6 $16) 67... Be3+ 68. Kh1 Kf6 (68... Nxd6 $2 69. Ne5+ (69. cxd6 Rh3+ 70. Kg2 Rg3+ 71. Kh1 Rh3+ 72. Kg2 Rg3+ 73. Kh2 Bf4 $18) 69... Ke7 70. cxd6+ Kxd6 71. Nxf3 exf3 72. Rd1 $18) 69. Be7+ (69. Nxa5 Nxd6 70. cxd6 Rh3+ 71. Kg2 Rg3+ 72. Kh1 Rh3+ 73. Kg2 Rg3+ 74. Kh1 Rh3+ $11) 69... Kg7 70. Rb7 (70. Bxh4 Rh3+ 71. Kg2 Rxh4 $11) 70... h3 $2 (70... Kh6 71. Ne5 (71. Bxh4 Rh3+ 72. Kg2 Rxh4 $17) 71... Rf1+ 72. Kg2 Rf2+ 73. Kh3 Bf4 74. Nf7+ (74. Bxh4 $2 Rh2#) (74. Rb6+ Kh7 $16) 74... Kg7) 71. Ne5 (71. Nxa5 Kg8 72. Rb3 Bd2 $15) 71... Rf1+ 72. Kh2 {[%emt 0:00:01] aiming for Bg5+.} Bxd4 73. Ng6 $2 ({White should try} 73. Bg5+ $18 Kg8 74. Re7 Bxe5+ 75. Rxe5) 73... Kh6 $11 74. Kxh3 e3 $2 {[%emt 0:00:31][%mdl 8192] [#]} (74... Rf3+ $11 {and Black stays safe.} 75. Kg2 Rf2+ 76. Kh3 Rf3+ 77. Kh2 Rf2+ 78. Kh3 Rf3+) 75. Bh4 $1 $18 {[%emt 0:00:58] White threatens g5+ and mate.} Bf6 (75... Bxc5 $2 76. g5+ Kh5 77. Rh7#) 76. Rb8 Bxh4 77. Kxh4 {[%emt 0:00:50][%mdl 4096] Endgame KRN-KRN} (77. Nxh4 Nf6 78. Rb2 Kg5 $17) (77. Rxe8 $16 Bg5 78. c6 Rh1+ 79. Kg2) 77... Rh1+ $1 $11 78. Kg3 e2 79. Rxe8 {[%emt 0:00:02] Rh8+ would kill now.} e1=Q+ 80. Rxe1 Rxe1 {[%emt 0:00:03] KR-KN} 81. Kf4 Re4+ 82. Kf3 Kg5 (82... Rxa4 $5 83. Ne5 Re4 84. Nf7+ Kg7 $15) 83. c6 Rxa4 {[%emt 0:01:24][%cal Oa4e4] ...Re4! is the strong threat.} (83... Rxg4 $2 84. f6 Rg1 85. Kf2 $18) 84. Ne5 Ra3+ 85. Ke2 Rc3 {[%emt 0:00:08] Strongly threatening ...a4.} 86. Nf3+ $2 {[%emt 0:00:50][%mdl 8192] [#]} (86. Kd2 $11 d4 87. Nd7) 86... Kf6 $1 $19 ({Inferior is} 86... Kxg4 87. f6 Rxc6 88. Ne5+ Kg5 89. Nxc6 $11) 87. Kd2 Rc4 $2 ({Less strong is} 87... Rxf3 88. c7 Rf2+ 89. Kd3 $18) ({Black should play} 87... Rc5 $19 {[%cal Oa5a4] White must now prevent ...a4!} 88. g5+ Kxf5 89. Nd4+ Kg6) 88. g5+ $1 $11 {[%emt 0:00:15][%cal Bg4g5,Bg5g6][%mdl 32] The position is equal.} Kxf5 {[%emt 0:00:40][%cal Of5e4] Hoping for ...Ke4!} 89. g6 $1 {[%emt 0:00:01] Intending g7 and mate.} Kf6 (89... Kxg6 {leads to mate.} 90. Ne5+ Kf6 91. Nxc4 Ke7 92. Nxa5 Kd6 93. Kc3 Kc7 94. Kd3) 90. Ne5 $1 {[%emt 0:00:01][%mdl 64] Deflection, Promotion} Rxc6 {[%emt 0:00:38][%mdl 64] Deflection. Never resign too early!   Weighted Error Value: White=0.36/Black=0.24 (precise)} 1/2-1/2

[Event "20th Delhi GM Open 2023"]
[Site "New Delhi"]
[Date "2023.03.27"]
[Round "7.9"]
[White "Madaminov, Mukhiddin"]
[Black "Anup Shankar R"]
[Result "1-0"]
[ECO "C41"]
[WhiteElo "2436"]
[BlackElo "1848"]
[Annotator "TA"]
[PlyCount "59"]
[EventDate "2023.03.23"]
[EventType "swiss"]
[EventCountry "IND"]
[SourceTitle "playchess.com"]
[Source "ChessBase"]
[SourceQuality "1"]
[TimeControl "5400+30"]

1. d4 d6 2. e4 Nf6 3. Nc3 e5 4. Nf3 Nbd7 5. Rg1 exd4 (5... c6 $11) 6. Nxd4 $14 {[%emt 0:00:29] C41: Philidor Defence.} Nc5 7. f3 Be7 (7... c6 $14) 8. Be3 {[%emt 0:00:32] White is better.} c6 9. Qd2 {[%emt 0:00:41] [#]} (9. g4 $16) 9... Bd7 $146 {[%emt 0:05:56] [#]} (9... d5 $1 $14) ({Predecessor:} 9... O-O 10. g4 Re8 11. O-O-O d5 12. g5 Nh5 13. exd5 Bd6 14. Kb1 Qe7 15. Re1 Bf4 {1-0 Indjic,A (2618)-Triapishko,A (2506) Titled Tuesday intern op 01st Sept blitz 2020 (10)}) 10. O-O-O ({White should play} 10. g4 $1) 10... b5 (10... h5 $142) 11. g4 $16 h6 (11... g6 $16 12. Bh6 Qb6) 12. h4 b4 13. Nce2 Ncxe4 14. fxe4 Nxe4 15. Qxb4 c5 (15... d5 $16 16. Qa4 Nc5) 16. Qc4 cxd4 17. Qxd4 Nc5 18. Nf4 {[%emt 0:05:32] And now Bc4 would win.} (18. Qxg7 $2 {perishes.} Bf6 $19) 18... Ne6 19. Nxe6 Bxe6 {[%emt 0:00:04] [#]} 20. g5 {[%emt 0:01:24] Repels Bf6} (20. Qxg7 $2 {too greedy.} Bf6 $19) 20... hxg5 21. Qxg7 Bf6 22. Bb5+ (22. Bxg5 Bxg7 23. Bxd8 Bxb2+ 24. Kxb2 Rxd8 $11) 22... Ke7 $2 (22... Bd7 23. Bxd7+ {[%mdl 64] Deflection} (23. Bxg5 Bxg7 24. Bxd8 Bxb5 $17) 23... Kxd7 24. Qxf7+ Qe7 25. Qxe7+ Kxe7 26. hxg5 Be5) 23. Bxg5 $18 Bxg5+ 24. Qxg5+ Kf8 25. Qg7+ Ke7 26. Rdf1 d5 {[%emt 0:01:50] [#]} 27. Rxf7+ $3 Bxf7 28. Qe5+ Be6 29. Rg7+ Kf8 {[%emt 0:00:03] ...Rh6 would be deadly.} 30. Rb7 {[%emt 0:00:06] Excellently played by Madaminov!   Weighted Error Value: White=0.47/Black=0.50} 1-0